Unix NetHack Version 5.0.0-0 post-release - last build May  3 2026 23:40:34 (9823c992c0763bbd039eca2974112f46eaf799b3,branch:main).

Game began 2026-05-04 03:25:36, ended 2026-05-04 03:51:37.

BeardyHaddock, chaotic male elven Wizard

                                                          ------
                                                          |....|
                                       -----   ##         |..%.|
                                       |...|  ############.%...|
                                       |....####          |....+
                                       +@..|#            #-....|
                                       --C--             #|..>.|
                                                         #------
                                                      ########
                                                            #
                                                           `##
                                            -----      -----#
                                            |....######-...|#
                                            |.<.|      |....#
                                            |.).|      |...|
                                            |...|      -----
                                            -----

BeardyHaddock the Thaumaturge  St:11 Dx:12 Co:15 In:19 Wi:12 Ch:8  Chaotic
Dlvl:9  $:324 HP:0(40) Pw:57(77) AC:6  Xp:6 T:3599  Satiated

Latest messages:
 Really step into that teleportation trap? [yn] (n) y
 You feel a wrenching sensation.
 Really step into that pit? [yn] (n) n
 You descend the stairs.
 You see here a stout spear.
 You hear bubbling water.
 You find a hidden door.
 The door resists!
 The door resists!
 The door opens.
 The jackal bites!
 You miss the jackal.
 The jackal misses!
 You kill the jackal!
 You see here a diamond ring.
 U - a diamond ring.
 You see here 73 gold pieces.
 $ - 73 gold pieces (324 in total).
 You find a hidden door.
 The door resists!
 The door opens.
 You see here a food ration.
 The tengu appears next to you!
 You hit the tengu!
 The tengu bites!
 The tengu bites!
 In what direction? 8
 The spell hits the tengu!
 You kill the tengu!
 You see here a tengu corpse.
 The plains centaur hits!
 The plains centaur kicks!
 The plains centaur hits!
 The plains centaur kicks!
 The door resists!
 In what direction? 3
 The spell hits the plains centaur!
 The plains centaur hits!
 The plains centaur kicks!
 The plains centaur hits!
 The plains centaur kicks!
 Are you sure you want to pray? [yn] (n) y
 You begin praying to Anhur.
 The plains centaur hits!
 You die...
 Do you want your possessions identified? [ynq] (y) y
 Do you want to see your attributes? [ynq] (y) n
 Do you want an account of creatures vanquished? [ynaq] (y) n
 Do you want to see your conduct and achievements? [ynq] (y) n
 Do you want to see the dungeon overview? [ynq] (y) n

Inventory:
 Coins    ('$')
  $ - 324 gold pieces
 Weapons  (')')
  a - a blessed +1 quarterstaff (weapon in hands)
  J - a +0 silver saber
 Armor    ('[')
  b - a blessed +3 cloak of magic resistance (being worn)
  K - an uncursed +0 cloak of magic resistance
  N - an uncursed +0 elven cloak
 Comestibles  ('%')
  p - 5 uncursed food rations
  B - an uncursed partly eaten food ration
  R - 2 uncursed lembas wafers
 Scrolls  ('?')
  i - an uncursed scroll of confuse monster
  t - a cursed scroll of enchant weapon
  j - an uncursed scroll of remove curse
  k - an uncursed scroll of scare monster
 Spellbooks  ('+')
  m - an uncursed spellbook of chain lightning
  C - an uncursed spellbook of confuse monster
  v - an uncursed spellbook of detect monsters
  l - a blessed spellbook of force bolt
  I - an uncursed spellbook of healing
  M - an uncursed spellbook of teleport away
 Potions  ('!')
  r - a blessed potion of healing
  f - an uncursed potion of healing
  q - an uncursed potion of speed
 Rings    ('=')
  z - a blessed +0 ring of gain constitution
  e - a blessed +1 ring of increase damage (on right hand)
  U - an uncursed ring of polymorph control
  S - an uncursed -1 ring of protection
  d - an uncursed ring of slow digestion (on left hand)
 Wands    ('/')
  T - a wand of digging (0:8)
  F - a cursed wand of magic missile (0:3)
  c - a wand of striking (0:8)
 Tools    ('(')
  o - an uncursed bell
  n - a magic marker (0:22)
 Gems/Stones  ('*')
  E - an uncursed jasper stone
  w - an uncursed worthless piece of black glass
  D - an uncursed worthless piece of orange glass
  x - 2 uncursed worthless pieces of yellowish brown glass

BeardyHaddock the Wizard's attributes:

Background:
 You were a Thaumaturge, a level 6 male elven Wizard.
 You were chaotic, on a mission for Anhur
 who was opposed by Ptah (lawful) and Thoth (neutral).
 You were right-handed.
 You were in the Dungeons of Doom, on level 9.
 You entered the dungeon 3599 turns ago.
 It was nighttime.
 There was a full moon in effect when your adventure ended.
 You had 538 experience points, 102 more were needed to attain level 7.

Basics:
 You had 0 out of 40 hit points.
 You had 57 out of 77 energy points (spell power).
 Your armor class was 6.
 Your wallet contained 324 zorkmids.
 Autopickup was off.

Final Characteristics:
 Your strength was 11 (limit:18).
 Your dexterity was 12 (peak:13, limit:18).
 Your constitution was 15 (limit:16).
 Your intelligence was 19 (limit:20).
 Your wisdom was 12 (limit:20).
 Your charisma was 8 (limit:18).

Final Status:
 You were satiated.
 You were unencumbered.
 You were wielding a quarterstaff.
 You had basic skill with quarterstaff.

Final Attributes:
 You were piously aligned.
 You were magic-protected.
 You were sleep resistant.
 You had infravision.
 You had slower digestion.
 You had a small damage bonus (+1).
 You were warded.
 You were fast.
 You were unlucky.
 You are dead.

Miscellaneous:
 You didn't encounter any bones levels.
 Total elapsed playing time was 26 minutes and 1 second.

Major events:
 Turn
    1: BeardyHaddock the chaotic male elven Wizard entered the dungeon
 1509: attained the rank of Conjurer (level 3)
 2821: attained the rank of Thaumaturge (level 6)
 3325: entered Sokoban
 3599: killed by a plains centaur, while praying

Spells:
 Name                 Level Category     Fail Retention
 force bolt             1   attack         0%   81%-90%
 chain lightning        2   attack         0%   81%-90%
 healing                1   healing        0%  76%-100%
 detect monsters        1   divination     0%  76%-100%
 confuse monster        1   enchantment    0%   81%-90%
 teleport away          6   escape        98%  76%-100%

Skills:
 Fighting Skills
   bare handed combat [Unskilled]
   riding             [Unskilled]
 Weapon Skills
   dagger             [Unskilled]
   knife              [Unskilled]
   axe                [Unskilled]
   short sword        [Unskilled]
   club               [Unskilled]
   mace               [Unskilled]
   quarterstaff       [Basic]
   polearms           [Unskilled]
   spear              [Unskilled]
   trident            [Unskilled]
   sling              [Unskilled]
   dart               [Unskilled]
   shuriken           [Unskilled]
 Spellcasting Skills
   attack spells      [Basic]
   healing spells     [Unskilled]
   divination spells  [Unskilled]
   enchantment spells [Basic]
   clerical spells    [Unskilled]
   escape spells      [Unskilled]
   matter spells      [Unskilled]

Voluntary challenges:
 Character rerolling was not enabled.
 You never genocided any monsters.
 You never polymorphed an object.
 You never changed form.
 You used no wishes.
 You did not violate any of the special Sokoban rules.
Achievements:
 You attained the rank of Conjurer.
 You attained the rank of Thaumaturge.
 You entered Sokoban.

 The Dungeons of Doom: levels 1 to 9
    Level 1:
       An altar to Anhur.
    Level 2:
       A sink.
    Level 3:
    Level 4:
    Level 5:
    Level 6:
    Level 7:
       Many fountains.
    Level 8:
       Many fountains.
       Stairs up to Sokoban, level 7.
    Level 9: <- You were here.
       Final resting place for
          you, killed by a plains centaur, while praying.
 Sokoban:
    Level 7:
       Unsolved.


Vanquished creatures:
  2 tengu
  a panther
  a werewolf
  a lizard
  a snake
  a bugbear
  a wood nymph
  a water nymph
  a rock piercer
  a rock mole
  2 little dogs
  2 floating eyes
  a kitten
  2 homunculi
  a kobold leader
  a rabid rat
  a giant bat
  a monkey
 an orc zombie
 an iguana
  a coyote
  a large kobold
  a cave spider
  a yellow mold
  2 red molds
  a gecko
  4 jackals
  a fox
  a goblin
  3 sewer rats
  a grid bug
  a bat
  4 lichens
  5 newts
51 creatures vanquished.

No species were genocided or became extinct.

Game over:
                       ----------
                      /          \
                     /    REST    \
                    /      IN      \
                   /     PEACE      \
                  /                  \
                  |  BeardyHaddock   |
                  |      324 Au      |
                  |   killed by a    |
                  |  plains centaur  |
                  |                  |
                  |                  |
                  |       2026       |
                 *|     *  *  *      | *
        _________)/\\_//(\/(/\)/\//\/|_)_______

Goodbye BeardyHaddock the Wizard...

You died in The Dungeons of Doom on dungeon level 9 with 2456 points,
and 324 pieces of gold, after 3599 moves.
You were level 6 with a maximum of 40 hit points when you died.

